 Seeded DCSS version 0.28-a0-655-g4eb62b627b (webtiles) character file.

Game seed: 20211012 (custom seed)

112 a11behringer the Chopper (level 4, -3/41 HPs)
             Began as a Hill Orc Berserker on Oct 12, 2021.
             Was a Believer of Trog.
             Slain by an iguana (5 damage)
             ... on level 2 of the Dungeon.
             The game lasted 00:05:46 (2707 turns).

a11behringer the Chopper (Hill Orc Berserker)       Turns: 2707, Time: 00:05:46

Health: -3/41      AC:  9    Str: 20    XL:     4   Next: 93%
Magic:  4/4        EV:  8    Int:  7    God:    Trog [**....]
Gold:   132        SH:  0    Dex: 10    Spells: 3/3 levels left

rFire   . . .      SeeInvis .   a - +0 hand axe
rCold   . . .      Faith    .   (no shield)
rNeg    . . .      Spirit   .   h - +0 chain mail
rPois   .          Reflect  .   (no helmet)
rElec   .          Harm     .   (no cloak)
rCorr   .          Rampage  .   (no gloves)
Will    +....                   (no boots)
Stlth   ..........              (no amulet)
HPRegen 0.13/turn               c - ring of willpower
MPRegen 0.09/turn               (no ring)

@: no status effects
A: no striking features
a: Renounce Religion, Berserk, Trog's Hand


You were on level 2 of the Dungeon.
You worshipped Trog.
Trog was pleased with you.
You visited 1 branch of the dungeon, and saw 3 of its levels.

You collected 132 gold pieces.

Inventory:

Hand Weapons
 a - a +0 hand axe (weapon)
Missiles
 f - 12 sling bullets
Armour
 b - a +0 animal skin
 h - a +0 chain mail (worn)
Jewellery
 c - a ring of willpower (left hand)
Scrolls
 d - a scroll of identify {unknown}
 e - a scroll of enchant armour {unknown}
Potions
 g - 2 potions of heal wounds {unknown}


   Skills:
 + Level 4.5 Fighting
 * Level 5.9 Axes
 * Level 2.8 Armour
 - Level 1.7 Dodging
 - Level 0.3 Stealth


You had 3 spell levels left.
You didn't know any spells.
Your spell library was empty.

Dungeon Overview and Level Annotations

Branches:
Dungeon (3/15)

Altars:

Shops:
D:1 =

Annotations:
D:3 Natasha


Message History

* * * LOW HITPOINT WARNING * * *
You hit Natasha.
Natasha is almost dead.
You closely miss the white imp. You hit the iguana but do no damage.
Natasha casts a spell.
The white imp puffs mist at you. The white imp barely misses you.
The iguana closely misses you.
You hit Natasha.
You kill Natasha!
Trog accepts your kill.
Trog appreciates your killing of a magic user.
Natasha screams in pain as she dies!
The white imp disappears in a puff of smoke!
The shadow imp disappears in a puff of smoke!
You hit the iguana. The iguana bites you!
* * * LOW HITPOINT WARNING * * *
You feel the effects of Trog's Hand fading.
Natasha, Servant of Life and Death comes into view.
Your skin stops crawling.
You feel less strong-willed.
The iguana hisses menacingly.
Natasha mumbles some strange words.
There is a stone staircase leading up here.
The iguana hisses menacingly.
The iguana bites you.
* * * LOW HITPOINT WARNING * * *
The crimson imp blinks!
You climb upwards.
There is a stone staircase leading down here.
You see here a bat skeleton.
You hit the iguana.
The iguana is almost dead.
The iguana bites you!
* * * LOW HITPOINT WARNING * * *
You barely miss the iguana.
The iguana is almost dead.
The iguana bites you but does no damage.
You hit the iguana but do no damage.
The iguana is almost dead.
The iguana bites you.
You die...

### #.#
################l#
.)..............@#######
############.###.......#
############'#########.#
.......................#
....#..#.#.....#########
...)#..#.+.....#
....#..###....##
###+##.###....#
........##....#


You could see an iguana.

Vanquished Creatures
  Natasha (twice) (D:3)
  An adder (D:2)
  A worm (D:2)
  2 dart slugs (D:1)
  An orc (D:2)
  5 bats
  4 endoplasms
  2 goblins
  5 hobgoblins
  8 jackals
  A quokka (D:1)
  5 ball pythons
  A frilled lizard (D:1)
  4 kobolds
  2 rats
44 creatures vanquished.

Notes
Turn   | Place    | Note
-------+----------+-------------------------------------------
     0 | D:1      | a11behringer the Hill Orc Berserker began the quest for the
                  | Orb.
     0 | D:1      | Reached XP level 1. HP: 19/19 MP: 1/1
   518 | D:1      | Reached XP level 2. HP: 22/27 MP: 2/2
   802 | D:1      | Found Kodiass's Jewellery Shop.
   955 | D:1      | Reached XP level 3. HP: 28/33 MP: 3/3
  1157 | D:1      | Reached ** piety under Trog
  1305 | D:2      | Reached skill level 5 in Axes
  1810 | D:2      | Reached XP level 4. HP: 7/41 MP: 4/4
  2511 | D:3      | Noticed Natasha
  2523 | D:3      | Killed Natasha
  2673 | D:3      | Noticed Natasha
  2688 | D:3      | Killed Natasha
  2688 | D:3      | HP: 2/41 [iguana (7)]
  2697 | D:3      | Noticed Natasha
  2705 | D:2      | HP: 2/41 [iguana (11)]
  2707 | D:2      | Slain by an iguana

Illustrated notes

Levels and vault maps discovered:
D:1:      psy_arrival_terrarium, layout_loops_ring, serial_shops, shop,
          minmay_small_reverse_x
D:2:      layout_basic
D:3:      layout_rooms, grunt_qazlal_clouds, serial_shops, shop, hex_medium,
          uniq_natasha, uniq_terence

Skill      XL: |  1  2  3 |
---------------+----------+-----
Fighting       | 4 |  4.5
Axes           | 5 |  5.9
Armour         | |  2.8
Dodging        | |  1.7
Stealth        | |  0.3

Action                   |  1- 3 |  4- 6 || total
-------------------------+-------+-------++-------
Melee: Hand axe          |   147 |    36 ||   183
Invok: Berserk           |       |     1 ||     1
       Trog's Hand       |       |     1 ||     1
 Stab: Sleeping          |     1 |       ||     1
Armor: Animal skin       |    33 |       ||    33
       Chain mail        |    15 |    20 ||    35
Dodge: Dodged            |    98 |    12 ||   110

Table legend: (Time is in decaauts)
 A = Elapsed time spent in this place.
 B = Non-inter-level travel time spent in this place.
 C = Inter-level travel time spent in this place.
 D = Time resting spent in this place.
 E = Time spent auto-exploring this place.
 F = Levels seen in this place.
 G = Mean time per level.
                   A        B        C        D        E       F      G
               +--------+--------+--------+--------+--------+-----+--------+
         Total |   2721 |   2556 |    165 |      0 |   2201 |   3 |  907.0 |
       Dungeon |   2721 |   2556 |    165 |      0 |   2201 |   3 |  907.0 |
               +--------+--------+--------+--------+--------+-----+--------+

Top non-repeatable levels by time:
     D:1: 1295 daAuts
     D:2: 1176 daAuts
     D:3: 249 daAuts
